 Dungeon Crawl Stone Soup version 0.31-a0-1620-gcbf77bbcfc (webtiles) character file.

Game seed: 802292423312649072

791 tilp the Sneak (level 7, -2/52 HPs)
             Began as a Vampire Enchanter on Jan 11, 2024.
             Was an Initiate of Wu Jian.
             Slain by an ogre
             ... wielding a +0 giant club
              (13 damage)
             ... on level 5 of the Dungeon.
             The game lasted 00:07:36 (4853 turns).

tilp the Sneak (Vampire Enchanter)                  Turns: 4853, Time: 00:07:37

Health: -2/52      AC:  6    Str:  7    XL:     7   Next: 57%
Magic:  2/11       EV: 13    Int: 20    God:    Wu Jian [......]
Gold:   314        SH:  0    Dex: 14    Spells: 1/12 levels left

rFire   . . .        a - +1 dagger (speed)
rCold   + . .        (no shield)
rNeg    . . .        n - +0 robe
rPois   .            h - +2 helmet
rElec   .            (no cloak)
rCorr   .            w - +0 pair of gloves
SInv    +            (no boots)
Will    .....        (no amulet)
Stlth   +++          i - ring of protection from cold
HPRegen 0.48/turn    (no ring)
MPRegen 0.12/turn

%: no passive effects
@: very slightly contaminated, healing quickly, invisible
A: alive, fangs 3, see invisible, vampiric 2
a: Exsanguinate, Renounce Religion


You were on level 5 of the Dungeon.
You worshipped Wu Jian.
Wu Jian was noncommittal.
You visited 2 branches of the dungeon, and saw 6 of its levels.

You collected 314 gold pieces.

Inventory:

Hand Weapons
 a - a +1 dagger of speed (weapon)
 b - a +0 long sword
 t - a +1 dagger
 u - the +8 quarterstaff "Umnurit" {protect, rC- Will+++ Dex+5}
   (You found it on level 2 of the Dungeon)

   Dex+5:     It affects your dexterity (+5).
   rC-:       It makes you vulnerable to cold.
   Will+++:   It greatly increases your willpower.
Missiles
 g - 45 stones (quivered)
Armour
 h - a +2 helmet (worn)
 n - a +0 robe (worn)
 w - a +0 pair of gloves (worn)
Jewellery
 i - a ring of protection from cold (left hand)
Wands
 o - a wand of iceblast (10)
Scrolls
 e - 2 scrolls of immolation
 j - 3 scrolls of teleportation
 q - a scroll of acquirement
 x - a scroll of poison {unknown}
Potions
 c - a potion of invisibility
 d - a potion of mutation {unknown}
 f - 2 potions of enlightenment
 k - 3 potions of curing
 l - a potion of resistance {unknown}
 m - a potion of cancellation {unknown}
 p - 3 potions of might {unknown}
 r - 4 potions of magic {unknown}
 s - a potion of heal wounds {unknown}
 v - a potion of lignification {unknown}
 z - a potion of haste {unknown}
 A - a potion of degeneration {unknown}
 B - a potion of berserk rage {unknown}


   Skills:
 * Level 3.2 Fighting
 + Level 3.0(3.9) Short Blades
 * Level 3.3(3.9) Long Blades
 + Level 3.4 Dodging
 + Level 6.1 Stealth
 + Level 3.0 Spellcasting
 + Level 0.2 Conjurations
 + Level 5.7 Hexes
 - Level 2.0 Ice Magic
 + Level 1.3 Evocations


You had one spell level left.
You knew the following spells:

 Your Spells              Type           Power      Damage    Failure   Level
a - Ensorcelled Hibernat  Hex/Ice        36%        N/A       4%          2
b - Confusing Touch       Hex            26%        N/A       4%          3
c - Tukima's Dance        Hex            26%        N/A       4%          3
d - Dazzling Flash        Conj/Hex       30%        N/A       12%         3

Your spell library contained the following spells:

 Spells                   Type           Power      Damage    Failure   Level
 Apportation              Tloc           6%         N/A       14%         1
 Necrotise                Necr           12%        1d4       14%         1
 Sting                    Conj/Alch      12%        1d3       14%         1
 Summon Small Mammal      Summ           12%        N/A       14%         1
 Mercury Vapours          Alch/Air       6%         N/A       22%         2
 Hailstorm                Conj/Ice       7%         3d5       26%         3
 Olgreb's Toxic Radiance  Alch           3%         N/A       80%         4
 Freezing Cloud           Conj/Ice/Air   3%         6-21      96%         5
 Enfeeble                 Hex            13%        N/A       100%        7


Dungeon Overview and Level Annotations

Branches:
Dungeon (5/15)             Temple (1/1) D:4

Altars:
Ashenzari
Cheibriados
Dithmenos
Fedhas
Hepliaklqana
Makhleb
Nemelex Xobeh
Okawaru
Qazlal
Ru
Sif Muna
Uskayaw
Vehumet
Wu Jian
Yredelemnul

Shops:
D:4 :


Innate Abilities, Weirdness & Mutations

Your natural rate of healing is accelerated.
You have razor-sharp teeth.
You have supernaturally acute eyesight. (SInv)
You are afflicted with vampirism and can become a bat while bloodless.


Message History

You miscast Ensorcelled Hibernation.
Nothing appears to happen.
Unknown command.
Casting: Ensorcelled Hibernation (safe; 4% risk of failure)
Confirm with . or Enter, or press ? or * to list all spells.
Aiming: Ensorcelled Hibernation (safe; 4% risk of failure)
Press: ? - help, Shift-Dir - straight line, f/p - ogre
Aim: an ogre, wielding a +0 giant club (chance to affect: 50%)
The ogre resists with significant effort.
The ogre hits you with a +0 giant club!!
Unknown command.
Casting: Ensorcelled Hibernation (safe; 4% risk of failure)
Confirm with . or Enter, or press ? or * to list all spells.
You don't have enough magic to cast this spell.
Unknown command.
b - a +0 long sword (weapon)
You barely miss the ogre. The ogre hits you with a +0 giant club!
You hit the ogre.
The ogre is lightly wounded.
The ogre hits you with a +0 giant club!
* * * LOW HITPOINT WARNING * * *
You barely miss the ogre.
The ogre is lightly wounded.
The ogre closely misses you.
You fade into invisibility!
Your hands tingle!
a - a +1 dagger of speed (weapon)
The ogre barely misses you.
You hit the ogre but do no damage.
The ogre is lightly wounded.
You hit the ogre but do no damage.
The ogre is lightly wounded.
You hit the ogre but do no damage. You bite the ogre.
The ogre is lightly wounded.
The ogre barely misses you.
You hit the ogre.
The ogre is moderately wounded.
You barely miss the ogre. You bite the ogre.
The ogre is moderately wounded.
The ogre hits you with a +0 giant club!
You die...

##+## #.# #.......#
####.# #.#
###....## #....#
#.# #....# ..#.<##
#<# ####.####
sO....#### #.#
#...... .###O...[#
#.# #.<.... .#
#.#.#$# #.# #..####
O#.#.....########.#
#..####
.s.....#.......O@.#
#.....#
##.##......########
#.###..
#...#.###...# #.#
### 5. .... #.#.#
#.#####
#...#.###...#
#......
#s##.....###
####### .c.....#.##
.#.#.....# #
#.#.### ###


You could see an ogre (unable to see you).

Vanquished Creatures
  An ice beast (D:5)
  2 black bears (D:5)
  2 phantoms (D:5)
  A scorpion (D:4)
  A bombardier beetle (D:5)
  2 hounds (D:4)
  2 iguanas
  6 adders
  A shadow imp (D:5)
  2 white imps
  2 dart slugs
  3 ribbon worms (D:2)
  3 orcs (D:3)
  12 endoplasms
  3 giant cockroaches
  4 goblins
  8 hobgoblins
  4 jackals
  7 kobolds
  3 quokkas
  10 ball pythons
  6 bats
  A frilled lizard (D:1)
  5 rats
91 creatures vanquished.

Notes
Turn   | Place    | Note
-------+----------+-------------------------------------------
     0 | D:1      | tilp the Vampire Enchanter began the quest for the Orb.
     0 | D:1      | Reached XP level 1. HP: 13/13 MP: 3/3
     2 | D:1      | Noticed a felid
     2 | D:1      | Noticed a spriggan
     4 | D:1      | Noticed a demonspawn
     4 | D:1      | Noticed a formicid
     6 | D:1      | Noticed an elf
     6 | D:1      | Noticed a naga
     8 | D:1      | Noticed a minotaur
    10 | D:1      | Noticed a demigod
    10 | D:1      | Noticed a merfolk
    12 | D:1      | Noticed a draconian
    14 | D:1      | Noticed a barachi
    16 | D:1      | Noticed a human
    16 | D:1      | Noticed a djinni
    18 | D:1      | Noticed an oni
    20 | D:1      | Noticed a troll
    20 | D:1      | Noticed an armataur
    22 | D:1      | Noticed a gargoyle
    22 | D:1      | Noticed a ghoul
    24 | D:1      | Noticed a tengu
    24 | D:1      | Noticed a vine stalker
    26 | D:1      | Noticed a vampire
    26 | D:1      | Noticed an octopode
   169 | D:1      | Reached XP level 2. HP: 20/20 MP: 5/5
   172 | D:1      | Learned a level 2 spell: Ensorcelled Hibernation
   638 | D:1      | Reached skill level 1 in Long Blades
   669 | D:1      | Gained mutation: You are afflicted with vampirism and can
                  | become a bat while bloodless. [Vampire growth]
   669 | D:1      | Reached XP level 3. HP: 25/25 MP: 6/6
   778 | D:1      | Reached skill level 1 in Fighting
  1361 | D:2      | Identified the +8 quarterstaff "Umnurit" {protect, rC-
                  | Will+++ Dex+5}
  1641 | D:2      | Reached XP level 4. HP: 26/32 MP: 2/7
  1724 | D:2      | Reached skill level 5 in Stealth
  1908 | D:2      | Identified a scroll of acquirement
  1912 | D:2      | Learned a level 3 spell: Confusing Touch
  2044 | D:3      | Found a shimmering blue altar of Sif Muna.
  2249 | D:3      | Found a sparkling altar of Nemelex Xobeh.
  2716 | D:4      | Reached XP level 5. HP: 38/38 MP: 3/8
  2791 | D:4      | Reached skill level 5 in Hexes
  2803 | D:4      | Reached skill level 1 in Ice Magic
  2850 | D:4      | Found a staircase to the Ecumenical Temple.
  2859 | Temple   | Entered the Ecumenical Temple
  2869 | Temple   | Became a worshipper of the Wu Jian Council
  3247 | D:4      | Learned a level 3 spell: Tukima's Dance
  3609 | D:4      | Reached XP level 6. HP: 44/44 MP: 9/9
  3656 | D:4      | Found the +7 staff of the Meek {protect, meekguard}
  3821 | D:4      | Found Nopsu's Book Boutique.
  3900 | D:5      | Entered Level 5 of the Dungeon
  3980 | D:5      | Noticed an ice beast
  4034 | D:5      | Got Jacelax's Cyclopedia of Obstruction and Firn
  4391 | D:5      | Reached skill level 1 in Evocations
  4391 | D:5      | Reached XP level 7. HP: 47/51 MP: 4/11
  4539 | D:5      | Learned a level 3 spell: Dazzling Flash
  4590 | D:4      | Reached skill level 6 in Stealth
  4853 | D:5      | Slain by an ogre

Illustrated notes

Levels and vault maps discovered:
D:1:      kb_arrival_jail, layout_basic, minmay_split_cup_small
D:2:      layout_loops_ring, minmay_randomly_rotated_circles
D:3:      layout_basic, lemuel_crystal_altar, nicolae_overflow_squiral
D:4:      layout_basic, minmay_temple_entry_junction_2, serial_shops,
          nicolae_shop_tiny_real_fake_doors
D:5:      layout_loops_corners, minmay_fractal_squares_5,
          uniq_crazy_yiuf_cottage
Temple:   nicolae_temple_great_sept

Skill      XL: |  1  2  3  4  5  6  7 |
---------------+----------------------+-----
Long Blades    | 1 2 3 |  3.3
Fighting       | 1 2 3 |  3.2
Stealth        | 5 6 |  6.1
Short Blades   | 2 3 |  3.0
Hexes          | 5 |  5.7
Ice Magic      | 1 2 |  2.0
Dodging        | 3 |  3.4
Evocations     | 1 |  1.3
Spellcasting   | 3 |  3.0
Conjurations   | |  0.2

Action                     |  1- 3 |  4- 6 |  7- 9 || total
---------------------------+-------+-------+-------++-------
  Melee: Dagger            |    95 |   142 |    33 ||   270
         Bite              |     7 |    16 |     5 ||    28
         Punch             |       |     3 |     1 ||     4
         Long sword        |       |       |     3 ||     3
  Throw: Stone             |       |     1 |     1 ||     2
   Cast: Ensorcelled Hiber |    11 |    21 |     6 ||    38
         Confusing Touch   |       |     4 |     2 ||     6
Ability: Lunge             |       |     3 |     4 ||     7
    Use: Scroll            |     4 |     6 |       ||    10
         Potion            |       |       |     1 ||     1
   Stab: Sleeping          |    24 |    23 |     2 ||    49
         Confused          |       |     5 |     3 ||     8
 Armour: Robe              |    37 |    62 |    11 ||   110
  Dodge: Dodged            |    40 |    72 |     9 ||   121

Table legend: (Time is in decaauts)
 A = Elapsed time spent in this place.
 B = Non-inter-level travel time spent in this place.
 C = Inter-level travel time spent in this place.
 D = Time resting spent in this place.
 E = Time spent auto-exploring this place.
 F = Levels seen in this place.
 G = Mean time per level.
                   A        B        C        D        E       F      G
               +--------+--------+--------+--------+--------+-----+--------+
         Total |   4789 |   4479 |    310 |    281 |   3397 |   6 |  798.2 |
       Dungeon |   4769 |   4478 |    291 |    281 |   3397 |   5 |  953.8 |
        Temple |     20 |      1 |     19 |      0 |      0 |   1 |   20.0 |
               +--------+--------+--------+--------+--------+-----+--------+

Top non-repeatable levels by time:
     D:4: 1242 daAuts
     D:2: 993 daAuts
     D:1: 927 daAuts
     D:5: 850 daAuts
     D:3: 754 daAuts
  Temple: 20 daAuts
